 Dungeon Crawl Stone Soup version 0.20-a0 (webtiles) character file.

1110 varam the Grappler (level 8, 66/66 HPs)
             Began as a Troll Monk on Oct 27, 2016.
             Quit the game on level 6 of the Dungeon.
             The game lasted 00:06:21 (4231 turns).

varam the Grappler (Troll Monk)                     Turns: 4231, Time: 00:06:21

Health: 66/66      AC:  9    Str: 21    XL:     8   Next: 11%
Magic:  7/7        EV: 10    Int:  6    God:
Gold:   423        SH:  0    Dex: 13    Spells: 0 memorised, 7 levels left

rFire  . . .     SeeInvis .       - Unarmed
rCold  + . .     Gourm    +     H - +0 robe {rN+}
rNeg   + . .     Faith    .     (no shield)
rPois  .         Spirit   .     (helmet restricted)
rElec  .         Reflect  .     x - +2 cloak {+Inv}
rCorr  .         Harm     .     (gloves unavailable)
MR     .....                    (boots unavailable)
Stlth  ++........               (no amulet)
                                r - ring of protection from cold
                                (no ring)

@: no status effects
A: unfitting armour, claws 3, thin skeletal structure 1, clumsy 1, fast
metabolism 3, frail 1, gourmand, regeneration 1, shaggy fur 2, tough skin 2
a: Evoke Invisibility


You were on level 6 of the Dungeon.
You were full.

You visited 1 branch of the dungeon, and saw 6 of its levels.

You collected 423 gold pieces.

Inventory:

Missiles
 y - 7 javelins (quivered)
Armour
 x - a +2 cloak of invisibility (worn)
 H - a +0 robe of positive energy (worn)
Jewellery
 k - an uncursed ring of fire
 r - a ring of protection from cold (right claw)
 E - an uncursed ring of protection from cold
Wands
 n - a wand of digging (10/24)
 D - a wand of disintegration (11/24)
 F - a wand of teleportation (4/9)
Scrolls
 c - a scroll of identify {@r1}
 h - 2 scrolls of teleportation
 q - 2 scrolls of blinking
 t - 3 scrolls of magic mapping
 z - a scroll of recharging
 A - 2 scrolls of enchant weapon
Potions
 d - a potion of ambrosia
 e - a potion of magic
 j - 4 potions of lignification
 m - 3 potions of curing {@q1}
 o - 2 potions of heal wounds
 u - a potion of agility
 w - a potion of cure mutation
 B - a potion of cancellation
Books
 s - a book of Maledictions

   Spells                             Type                      Level
   a - Corona                         Hexes                        1
   b - Ensorcelled Hibernation        Hexes/Ice                    2
   c - Confuse                        Hexes                        3
   d - Tukima's Dance                 Hexes                        3
   e - Dazzling Spray                 Conjuration/Hexes            3
Comestibles
 b - 6 bread rations
 f - 4 meat rations
 g - 3 beef jerkies
 l - 6 fruits


   Skills:
 - Level 2.4 Fighting
 - Level 2.4 Dodging
 - Level 1.7 Stealth
 + Level 9.7 Unarmed Combat


You had 7 spell levels left.
You didn't know any spells.

Dungeon Overview and Level Annotations

Branches:
Dungeon (6/15)
 Temple: D:4-7

Altars:
Cheibriados
Dithmenos
Nemelex Xobeh
Trog

Shops:
D:6 (


Innate Abilities, Weirdness & Mutations

You are too large for most types of armour.
You have claws for hands.
Your metabolism is lightning-fast.
You like to eat raw meat.
Your natural rate of healing is unusually fast.
You are covered in thick fur. (AC +2)
You have very tough skin. (AC +2)
You have a somewhat thin skeletal structure. (Dex +2, Stealth)
You are clumsy. (Dex -2)
You are frail. (-10% HP)


Message History

As you read the scroll of identify {@r1}, it crumbles to dust.
p - a potion of beneficial mutation
As you read the scroll of identify {@r1}, it crumbles to dust.
u - a potion of agility
As you read the scroll of identify {@r1}, it crumbles to dust.
w - a potion of cure mutation
As you read the scroll of identify {@r1}, it crumbles to dust.
B - a potion of cancellation
Okay, then.
You feel extremely strange.
Your fur grows into a thick mane.
You feel clumsy.
You feel frail.
You feel extremely strange.
Your body twists and deforms.
Your body's shape seems more normal.
Your bones become slightly less dense.
You feel fantastic!
Are you sure you want to abandon this character and quit the game? (Confirm with "yes".)
Okay, then.
Unknown command.
Unknown command.
Are you sure you want to abandon this character and quit the game? (Confirm with "yes".)

###.##.# #.# #>. ###.#
#.# ### #.# ....# #.#
##.## #.# ....# #.#
##.#.###.# ###.#
#.####.###.##.# #
#.....## ##.#.#
####.#.###..#..
#############.##.#.#.###
.......@......###.##.#
.############## #.##.#
###.##.# # #......# #
##......### #...∩......
##.......###
)..........# #
.###.####.####


There were no monsters in sight!

Vanquished Creatures
  Duvessa (D:6)
  2 ogres (D:5)
  A big kobold (D:3)
  A bullfrog (D:6)
  A water moccasin zombie (D:6)
  Dowan (D:6)
  A scorpion (D:6)
  2 crimson imps
  A bullfrog skeleton (D:5)
  A jelly (D:5)
  A hound (D:6)
  Crazy Yiuf (D:3)
  Terence (D:3)
  Jessica (D:2)
  3 iguanas
  An orc wizard (D:4)
  2 worker ants
  A hound skeleton (D:6)
  3 adders
  2 shadow imps (D:6)
  An ooze (D:5)
  3 worms
  4 dart slugs
  3 leopard geckos
  8 orcs
  4 bats
  5 giant cockroaches
  8 goblins
  9 hobgoblins
  2 jackals (D:1)
  2 quokkas
  7 ball pythons
  4 frilled lizards
  12 kobolds
  A quokka zombie (D:5)
  8 rats
109 creatures vanquished.

Notes
Turn   | Place    | Note
-------+----------+-------------------------------------------
     0 | D:1      | varam the Troll Monk began the quest for the Orb.
     0 | D:1      | Reached XP level 1. HP: 22/22 MP: 0/0
   116 | D:1      | Reached XP level 2. HP: 29/29 MP: 1/1
   498 | D:2      | Reached XP level 3. HP: 35/36 MP: 2/2
   717 | D:2      | Noticed Jessica
   724 | D:2      | Killed Jessica
   724 | D:2      | Reached skill level 4 in Unarmed Combat
   810 | D:2      | Found a snail-covered altar of Cheibriados.
   820 | D:2      | Reached XP level 4. HP: 40/44 MP: 3/3
  1016 | D:3      | Found a shadowy altar of Dithmenos.
  1187 | D:3      | Noticed Terence
  1196 | D:3      | Killed Terence
  1247 | D:3      | Reached skill level 5 in Unarmed Combat
  1247 | D:3      | Reached XP level 5. HP: 50/50 MP: 4/4
  1449 | D:3      | Found a runed door.
  1747 | D:3      | Reached skill level 6 in Unarmed Combat
  2066 | D:3      | Noticed Crazy Yiuf
  2072 | D:3      | Killed Crazy Yiuf
  2072 | D:3      | Reached XP level 6. HP: 59/59 MP: 5/5
  2903 | D:5      | Entered Level 5 of the Dungeon
  2950 | D:5      | Reached skill level 7 in Unarmed Combat
  3263 | D:5      | Found a sparkling altar of Nemelex Xobeh.
  3275 | D:5      | Reached XP level 7. HP: 34/66 MP: 6/6
  3425 | D:5      | Found a bloodstained altar of Trog.
  3764 | D:5      | Reached skill level 8 in Unarmed Combat
  3973 | D:6      | Found Reusmy's Weapon Emporium.
  3978 | D:6      | Reached skill level 9 in Unarmed Combat
  4080 | D:6      | Noticed Duvessa
  4080 | D:6      | Noticed Dowan
  4089 | D:6      | Killed Dowan
  4093 | D:6      | Killed Duvessa
  4093 | D:6      | Reached XP level 8. HP: 25/74 MP: 7/7
  4228 | D:6      | Gained mutation: You are covered in thick fur. (AC +2) [potion of mutation]
  4228 | D:6      | Gained mutation: You are clumsy. (Dex -2) [potion of mutation]
  4228 | D:6      | Gained mutation: You are frail. (-10% HP) [potion of mutation]
  4229 | D:6      | Gained mutation: Armour fits poorly on your strangely shaped body. [potion of mutation]
  4229 | D:6      | Lost mutation: Armour fits poorly on your strangely shaped body. [potion of mutation]
  4230 | D:6      | Gained mutation: You have a somewhat thin skeletal structure. (Dex +2, Stealth) [potion of beneficial mutation]
  4231 | D:6      | Quit the game

Vault maps used:
D:1:      dpeg_arrival_tiny_a, minmay_misc_feat_rows
D:2:      minmay_door_path, kennysheep_slug_shrine, minmay_pentomino_s2,
          uniq_jessica
D:3:      cheibrodos_thug_alley, nicolae_dithmenos_shadow_blocks,
          uniq_crazy_yiuf_cottage, uniq_terence
D:5:      old_standard_altar, first_bread, nemelex_dance_club_becter
D:6:      serial_shops, shop, uniq_duvessa

Skill      XL: |  1  2  3  4  5  6  7 |
---------------+----------------------+-----
Unarmed Combat | 4 5 6 7 9 |  9.7
Fighting       | |  2.4
Dodging        | |  2.4
Stealth        | |  1.7

Action                   |  1- 3 |  4- 6 |  7- 9 || total
-------------------------+-------+-------+-------++-------
Melee: Unarmed           |    81 |   145 |    61 ||   287
       Punch             |     1 |     2 |     4 ||     7
  Use: Scroll            |       |       |    17 ||    17
       Potion            |       |       |     3 ||     3
 Stab: Sleeping          |       |     9 |     2 ||    11
  Eat: Chunk             |    13 |    13 |    10 ||    36
       Pizza             |       |       |     2 ||     2
       Fruit             |       |       |     1 ||     1
Armor: Robe              |    22 |    38 |    14 ||    74
Dodge: Dodged            |    43 |    63 |    14 ||   120
